 Dungeon Crawl Stone Soup version 0.30-a0-737-gf23d94013f (webtiles) character file.

Game seed: 6015880470604713679

13350 arthad the Geomancer (level 12, -3/68 HPs)
             Began as a Gargoyle Earth Elementalist on Feb 3, 2023.
             Was an Elder of Sif Muna.
             Slain by a two-headed ogre
             ... wielding a +0 giant club
              (23 damage)
             ... on level 11 of the Dungeon.
             The game lasted 00:30:05 (10593 turns).

arthad the Geomancer (Gargoyle Earth Elementalist) Turns: 10593, Time: 00:30:06

Health: -3/68      AC: 21    Str: 11    XL:     12   Next: 5%
Magic:  14/25      EV: 11    Int: 28    God:    Sif Muna [****..]
Gold:   669        SH:  0    Dex: 10    Spells: 19/29 levels left

rFire   . . .      SeeInvis .    g - +1 whip (vamp)
rCold   . . .      Faith    .    (no shield)
rNeg    + . .      Spirit   .    M - +0 swamp dragon scales
rPois   ∞          Reflect  .    v - +2 helmet
rElec   +          Harm     .    F - +0 cloak
rCorr   .          Rampage  .    (no gloves)
Will    +....                    d - +0 pair of boots
Stlth   +                        t - amulet of regeneration
HPRegen 1.11/turn                s - +6 ring of intelligence
MPRegen 0.19/turn                C - ring of willpower

@: no status effects
A: sickness immunity, AC +8, negative energy resistance 1, electricity
resistance, torment resistance 1, petrification resistance
a: Renounce Religion, Channel Magic, Forget Spell, Divine Exegesis


You were on level 11 of the Dungeon.
You worshipped Sif Muna.
Sif Muna was greatly pleased with you.
You visited 2 branches of the dungeon, and saw 12 of its levels.
You also visited: Ossuary.

You collected 669 gold pieces.

Inventory:

Hand Weapons
 g - a +1 vampiric whip (weapon)
 B - a +1 whip of flaming
 E - a +3 quarterstaff of chaos
 L - a +1 morningstar of draining
 O - a +0 mace of protection
Missiles
 f - 2 large rocks
 k - 4 datura-tipped darts
Armour
 d - a +0 pair of boots (worn)
 l - the +1 scale mail of Rixocapeal {rElec Will- Str+3}
   (You found it on level 2 of the Dungeon)

   Str:       It affects your strength (+3).
   rElec:     It insulates you from electricity.
   Will:      It decreases your willpower.
 v - a +2 helmet (worn)
 z - a +2 leather armour of cold resistance
 F - a +0 cloak (worn)
 I - the +1 robe of the Cockroach {Rampage rElec Will++ Slay-3}
   (You found it on level 6 of the Dungeon)

   Slay:      It affects your accuracy & damage with ranged weapons and melee
   (-3).
   rElec:     It insulates you from electricity.
   Rampage:   It bestows one free step when moving towards enemies.
   Will:      It greatly increases your willpower.
 M - +0 swamp dragon scales (worn)
Magical Staves
 e - a staff of death
 J - a staff of cold
 Z - a staff of air
Jewellery
 s - a +6 ring of intelligence (left hand)
 t - an amulet of regeneration (around neck)
 A - an amulet of reflection
 C - a ring of willpower (right hand)
 S - an amulet of faith
 X - a +4 ring of slaying
Wands
 a - a wand of digging (7)
 y - a wand of flame (16)
Scrolls
 n - 6 scrolls of teleportation
 o - 2 scrolls of vulnerability
 q - 6 scrolls of enchant weapon
 G - 5 scrolls of noise {unknown}
 H - a scroll of acquirement {unknown}
 K - 2 scrolls of enchant armour {unknown}
 N - a scroll of identify
 P - 4 scrolls of blinking {unknown}
 T - a scroll of fog {unknown}
 U - a scroll of poison {unknown}
 V - a scroll of magic mapping
 W - a scroll of amnesia {unknown}
Potions
 b - a potion of magic
 c - a potion of brilliance {unknown}
 h - a potion of heal wounds
 i - a potion of attraction
 j - 6 potions of might
 m - 5 potions of flight
 p - 2 potions of mutation
 r - 4 potions of haste
 u - 2 potions of cancellation
 w - 11 potions of curing
 x - 3 potions of lignification {unknown}
 D - 4 potions of ambrosia
 Q - a potion of berserk rage {unknown}
 R - a potion of resistance {unknown}


   Skills:
 + Level 5.3 Fighting
 * Level 2.2 Armour
 + Level 6.0 Dodging
 - Level 2.1 Stealth
 * Level 9.2 Spellcasting
 + Level 7.4 Conjurations
 + Level 5.7 Transmutations
 * Level 12.3 Earth Magic


You had 19 spell levels left.
You knew the following spells:

 Your Spells              Type           Power      Damage    Failure   Level
a - Sandblast             Erth           100%       2d20      1%          1
b - Stone Arrow           Conj/Erth      100%       3d13      1%          3
c - Petrify               Tmut/Erth      59%        N/A       2%          4
d - Passwall              Tmut/Erth      49%        N/A       1%          2

Your spell library contained the following spells:

 Spells                   Type           Power      Damage    Failure   Level
 Cause Fear               Hex            6%         N/A       71%         4
 Dragon Form              Tmut           22%        N/A       100%        7
 Dragon's Call            Summ           6%         N/A       100%        9


Dungeon Overview and Level Annotations

Branches:
Dungeon (11/15)            Temple (1/1) D:5            Lair (0/5) D:8
    Orc (0/2) D:9         Ossuary (visited)

Altars:
Ashenzari
Cheibriados
Dithmenos
Elyvilon
Fedhas
Gozag
Hepliaklqana
Kikubaaqudgha
Makhleb
Nemelex Xobeh
Okawaru
Qazlal
Ru
Sif Muna
Trog
Uskayaw
Vehumet
Wu Jian
Xom
Yredelemnul
Zin
The Shining One

Shops:
D:5 =   D:10 (


Innate Abilities, Weirdness & Mutations

You are immune to sickness and miasma.
Your stone body is resilient. (AC +8)
You are immune to poison.
You resist negative energy. (rN+)
You are resistant to electric shocks. (rElec)
You are resistant to unholy torment.
You are immune to petrification.


Message History

Press: ? - help, Q - select action, (/) - cycle Shift-Dir - straight line, f - two-headed ogre
Aim: a two-headed ogre, wielding two +0 giant clubs (93% to hit)
The blast of sand misses the two-headed ogre.
The two-headed ogre hits you with a +0 giant club.
The two-headed ogre closely misses you.
The orc priest begins to cast a cantrip, but forgets the words!
Aiming: Sandblast (safe; 1% risk of failure)
Press: ? - help, Q - select action, (/) - cycle Shift-Dir - straight line, f/p - two-headed ogre
Aim: a two-headed ogre, wielding two +0 giant clubs (93% to hit)
The blast of sand hits the two-headed ogre!
The two-headed ogre is lightly wounded.
The two-headed ogre hits you with a +0 giant club! x2
* * * LOW HITPOINT WARNING * * *
Aiming: Sandblast (safe; 1% risk of failure)
Press: ? - help, Q - select action, (/) - cycle Shift-Dir - straight line, f/p - two-headed ogre
Aim: a two-headed ogre, wielding two +0 giant clubs (lightly wounded, 93% to hit)
The blast of sand misses the two-headed ogre.
The orc priest begins to cast a cantrip, but forgets the words!
The two-headed ogre closely misses you.
The two-headed ogre hits you with a +0 giant club.
* * * LOW HITPOINT WARNING * * *
You feel much better.
The two-headed ogre hits you with a +0 giant club!
* * * LOW HITPOINT WARNING * * *
The two-headed ogre closely misses you.
Casting: Sandblast (safe; 1% risk of failure)
Confirm with . or Enter, or press ? or * to list all spells.
Aiming: Sandblast (safe; 1% risk of failure)
Press: ? - help, Shift-Dir - straight line, f/p - two-headed ogre
Aim: a two-headed ogre, wielding two +0 giant clubs (lightly wounded, 93% to hit)
Okay, then.
Casting: Sandblast (safe; 1% risk of failure)
Confirm with . or Enter, or press ? or * to list all spells.
Aiming: Stone Arrow (safe; 1% risk of failure)
Press: ? - help, Shift-Dir - straight line, f/p - two-headed ogre
Aim: a two-headed ogre, wielding two +0 giant clubs (lightly wounded, 89% to hit)
The stone arrow hits the two-headed ogre!
The two-headed ogre is heavily wounded.
The two-headed ogre hits you with a +0 giant club!!
You die...

#.. ..# # .#.#.#
..... #.#.#.#
...).### . ....# #
#.#)..# ###.#
##.#Oo.##.....
#...@.........
#.............
#.............
####..†##....
#...# #..
#...##############
##................
#################


You could see a two-headed ogre and an orc priest.

Vanquished Creatures
  4 two-headed ogres (D:9)
  Urug (D:10)
  An ugly thing (D:11)
  A cyclops (D:11)
  Joseph (D:7)
  A rime drake (D:8)
  Maggie (D:6)
  3 trolls
  Grinder (D:3)
  19 yaks
  A wyvern (D:10)
  3 vampire mosquitoes (D:11)
  An acid dragon (D:7)
  A water moccasin (D:7)
  An orc warrior (D:10)
  An ice beast (D:8)
  2 sky beasts
  2 black bears
  3 wolves (D:8)
  A centaur (D:10)
  A phantom (D:4)
  2 kobold brigands
  4 bullfrogs
  A necrophage (D:5)
  2 gnoll sergeants
  18 wights
  3 howler monkeys
  3 jellies
  A hound (D:6)
  3 human zombies (Ossuary)
  2 gnoll boudas
  2 orc priests
  Crazy Yiuf (D:4)
  Jessica (D:2)
  Ijyb (D:4)
  Natasha (thrice) (D:2)
  3 iguanas
  11 orc wizards
  A hound zombie (Ossuary)
  4 mummies (Ossuary)
  Robin (D:4)
  23 gnolls
  5 adders
  A white imp (D:8)
  2 worms
  2 dart slugs (D:1)
  49 orcs
  4 ball pythons
  6 endoplasms
  6 giant cockroaches
  A gnoll zombie (Ossuary)
  13 goblins
  12 hobgoblins
  11 jackals
  3 quokkas
  7 bats
  2 frilled lizards
  A goblin zombie (Ossuary)
  A hobgoblin zombie (Ossuary)
  2 jackal zombies (Ossuary)
  20 kobolds
  A kobold zombie (Ossuary)
  An orc zombie (Ossuary)
  4 rats
  A rat zombie (Ossuary)
  A spectral goblin (D:2)
296 creatures vanquished.

Vanquished Creatures (collateral kills)
  A two-headed ogre (D:10)
  An orc wizard (D:10)
  3 orcs (D:10)
5 creatures vanquished.

Grand Total: 301 creatures vanquished

Notes
Turn   | Place    | Note
-------+----------+-------------------------------------------
     0 | D:1      | arthad the Gargoyle Earth Elementalist began the quest for
                  | the Orb.
     0 | D:1      | Reached XP level 1. HP: 10/10 MP: 3/3
    77 | D:1      | Reached XP level 2. HP: 15/15 MP: 0/5
   271 | D:1      | Reached skill level 1 in Transmutations
   339 | D:1      | Reached skill level 4 in Earth Magic
   581 | D:1      | Reached XP level 3. HP: 19/19 MP: 3/6
   783 | D:2      | Noticed Natasha
   786 | D:2      | Killed Natasha
   787 | D:2      | Reached skill level 1 in Conjurations
   788 | D:2      | Reached XP level 4. HP: 24/24 MP: 2/7
   846 | D:2      | Noticed Jessica
   853 | D:2      | Killed Jessica
   891 | D:2      | Found a faded altar of an unknown god.
  1085 | D:2      | Noticed Natasha
  1087 | D:2      | Killed Natasha
  1088 | D:2      | Reached XP level 5. HP: 19/28 MP: 6/9
  1246 | D:2      | Identified the +1 scale mail of Rixocapeal {rElec Will-
                  | Str+3}
  1248 | D:2      | Noticed Natasha
  1253 | D:2      | Killed Natasha
  1748 | D:3      | Reached skill level 5 in Earth Magic
  1914 | D:3      | Noticed Grinder
  1925 | D:3      | Killed Grinder
  1926 | D:3      | Reached XP level 6. HP: 25/32 MP: 1/11
  2295 | D:3      | Found a hazy altar of Hepliaklqana.
  2546 | D:3      | Learned a level 3 spell: Stone Arrow
  2662 | D:3      | Learned a level 4 spell: Petrify
  2665 | D:3      | Learned a level 2 spell: Passwall
  2702 | D:4      | Noticed Robin
  2706 | D:4      | Killed Robin
  2707 | D:4      | Reached XP level 7. HP: 23/36 MP: 8/12
  2862 | D:4      | Noticed Ijyb
  2875 | D:4      | Killed Ijyb
  3043 | D:4      | Reached skill level 6 in Earth Magic
  3327 | D:4      | Found a runed translucent door.
  3328 | D:4      | Noticed Crazy Yiuf
  3899 | D:4      | Killed Crazy Yiuf
  4042 | D:5      | Entered Level 5 of the Dungeon
  4217 | D:5      | Found a staircase to the Ecumenical Temple.
  4288 | D:5      | Reached XP level 8. HP: 41/41 MP: 9/14
  4316 | Temple   | Entered the Ecumenical Temple
  4484 | Temple   | Became a worshipper of Sif Muna the Loreminder
  4836 | D:5      | Found Isyoh's Jewellery Boutique.
  4844 | D:5      | Found Caic's Armour Shop.
  4849 | D:5      | Reached skill level 7 in Earth Magic
  5116 | D:6      | Reached skill level 5 in Spellcasting
  5148 | D:6      | Identified the +1 robe of the Cockroach {Rampage rElec
                  | Will++ Slay-3}
  5389 | D:6      | Noticed Maggie
  5402 | D:6      | Killed Maggie
  5568 | D:6      | Reached * piety under Sif Muna
  5580 | D:6      | Reached skill level 8 in Earth Magic
  5580 | D:6      | Reached XP level 9. HP: 45/45 MP: 13/17
  5990 | D:6      | Reached ** piety under Sif Muna
  6516 | D:7      | Found a sand-covered staircase.
  6540 | D:7      | Reached skill level 5 in Conjurations
  6564 | Ossuary  | Entered an ossuary
  6883 | D:7      | Found a shadowy altar of Dithmenos.
  6889 | D:7      | Found an ornate altar of the Wu Jian Council.
  6892 | D:7      | Found a broken altar of Ashenzari.
  7056 | D:7      | Reached skill level 9 in Earth Magic
  7221 | D:7      | Reached skill level 1 in Fighting
  7242 | D:7      | Noticed Joseph
  7248 | D:7      | Killed Joseph
  7397 | D:8      | Reached XP level 10. HP: 52/52 MP: 18/20
  7415 | D:8      | Reached *** piety under Sif Muna
  7513 | D:8      | Reached skill level 10 in Earth Magic
  7578 | D:8      | Found a staircase to the Lair.
  7814 | D:8      | Reached skill level 5 in Dodging
  8178 | D:9      | Noticed a two-headed ogre
  8178 | D:9      | Noticed a two-headed ogre
  8338 | D:9      | Noticed a two-headed ogre
  8340 | D:9      | Killed a two-headed ogre
  8343 | D:9      | Killed a two-headed ogre
  8344 | D:9      | Reached skill level 5 in Transmutations
  8344 | D:9      | Reached XP level 11. HP: 60/60 MP: 17/23
  8415 | D:9      | Found a staircase to the Orcish Mines.
  8424 | D:9      | Reached **** piety under Sif Muna
  8429 | D:9      | Noticed a two-headed ogre
  8435 | D:9      | Killed a two-headed ogre
  8436 | D:9      | Reached skill level 11 in Earth Magic
  8640 | D:9      | Killed a two-headed ogre
  8850 | D:9      | Found a hide-covered altar of Uskayaw.
  8889 | D:10     | Entered Level 10 of the Dungeon
  9035 | D:10     | Found a radiant altar of Vehumet.
  9289 | D:10     | Found a stormy altar of Qazlal.
  9349 | D:10     | Found Xocwafupp's Weapon Shoppe.
  9412 | D:10     | HP: 1/62 [yak (8)]
  9573 | D:10     | Noticed Urug
  9584 | D:10     | Killed Urug
  9695 | D:10     | Noticed a two-headed ogre
  9886 | D:10     | Noticed a boulder beetle
  9935 | D:10     | Reached skill level 12 in Earth Magic
  9936 | D:10     | Killed a two-headed ogre
  9937 | D:10     | Reached skill level 5 in Fighting
  9937 | D:10     | Reached skill level 1 in Armour
 10568 | D:11     | Noticed a brown ugly thing
 10570 | D:11     | Noticed a cyclops
 10576 | D:11     | Killed a brown ugly thing
 10577 | D:11     | Reached XP level 12. HP: 44/68 MP: 21/25
 10584 | D:11     | Noticed a two-headed ogre
 10593 | D:11     | Slain by a two-headed ogre

Illustrated notes

Levels and vault maps discovered:
D:1:      wander_arrival_lonely_grave, layout_rooms
D:2:      layout_loops_ring, dreamdust_ecumenical_altar_drowned_temple,
          uniq_natasha, uniq_jessica
D:3:      layout_loops_corners, old_standard_altar, minmay_cut_off, uniq_grinder
D:4:      layout_loops_ring, kennysheep_cross_room, uniq_ijyb,
          uniq_crazy_yiuf_cottage, uniq_robin
D:5:      layout_basic, minmay_temple_entry_glassed_door, serial_shops,
          shop_fountains, kennysheep_little_box, chequers_decorated_corner
D:6:      corexii_shantytown, layout_basic, uniq_maggie
D:7:      layout_basic, minmay_overflow_temple_star_quad, enter_ossuary_1,
          kennysheep_generic_room_5, uniq_joseph
D:8:      layout_basic, hellmonk_lair_entry_icy
D:9:      layout_rooms, pf_just_have_faith, david_orc_2,
          minmay_stone_trees_medium
D:10:     nicolae_cairo_tiling_large, layout_stronghold, grunt_qazlal_sundering,
          mainiacjoe_overflow_24_doors, serial_shops, nicolae_shop_statue_plus,
          uniq_urug
D:11:     layout_loops_ring
Temple:   regret_index_temple_waves

Skill      XL: |  1  2  3  4  5  6  7  8  9 10 11 12 |
---------------+-------------------------------------+-----
Transmutations | 1 2 3 4 5 |  5.7
Earth Magic    | 4 5 6 8 9 10 12 | 12.3
Conjurations   | 1 2 3 4 5 6 7 |  7.4
Dodging        | 2 3 4 5 6 |  6.0
Spellcasting   | 3 4 5 6 8 9 |  9.2
Fighting       | 1 3 5 |  5.3
Armour         | 1 2 |  2.2
Stealth        | |  2.1

Action                     |  1- 3 |  4- 6 |  7- 9 | 10-12 || total
---------------------------+-------+-------+-------+-------++-------
  Melee: Whip              |     1 |     9 |    33 |     8 ||    51
         Punch             |       |       |     1 |       ||     1
   Cast: Sandblast         |    29 |    63 |   219 |   215 ||   526
         Stone Arrow       |       |       |     1 |     8 ||     9
         Petrify           |       |       |     2 |     4 ||     6
  Evoke: Wand              |       |       |     1 |       ||     1
    Use: Scroll            |       |       |     6 |    12 ||    18
         Potion            |       |       |     2 |     3 ||     5
   Stab: Petrified         |       |       |       |     5 ||     5
 Armour: Robe              |     5 |    10 |    23 |       ||    38
         Swamp dragon scal |       |       |   132 |   142 ||   274
  Dodge: Dodged            |     8 |    26 |   188 |   130 ||   352

Table legend: (Time is in decaauts)
 A = Elapsed time spent in this place.
 B = Non-inter-level travel time spent in this place.
 C = Inter-level travel time spent in this place.
 D = Time resting spent in this place.
 E = Time spent auto-exploring this place.
 F = Levels seen in this place.
 G = Mean time per level.
                   A        B        C        D        E       F      G
               +--------+--------+--------+--------+--------+-----+--------+
         Total |  10882 |  10398 |    484 |    268 |   8499 |  13 |  837.1 |
       Dungeon |  10374 |   9960 |    414 |    196 |   8257 |  11 |  943.1 |
        Temple |    189 |    119 |     70 |      0 |    106 |   1 |  189.0 |
       Ossuary |    319 |    319 |      0 |     72 |    136 |   1 |  319.0 |
               +--------+--------+--------+--------+--------+-----+--------+

Top non-repeatable levels by time:
    D:10: 1519 daAuts
     D:6: 1376 daAuts
     D:4: 1303 daAuts
     D:3: 1159 daAuts
     D:2: 874 daAuts
     D:5: 872 daAuts
     D:8: 867 daAuts
     D:1: 795 daAuts
     D:9: 701 daAuts
     D:7: 666 daAuts
 Ossuary: 319 daAuts
    D:11: 236 daAuts
  Temple: 189 daAuts
